 Dungeon Crawl Stone Soup version 0.20.0-9-g8272e65 (webtiles) character file.

6311 GordonOverkill the Covert (level 10, 0/71 HPs)
             Began as a Vampire Assassin on June 3, 2017.
             Was a Priest of Okawaru.
             Slain by a wight
             ... wielding a cursed +0 short sword
              (8 damage)
             ... on level 9 of the Dungeon.
             The game lasted 00:25:51 (11140 turns).

GordonOverkill the Covert (Vampire Assassin)       Turns: 11140, Time: 00:25:51

Health: 0/71       AC:  4    Str: 10    XL:     10   Next: 64%
Magic:  5/18       EV: 12    Int: 16    God:    Okawaru [***...]
Gold:   192        SH:  0    Dex: 17    Spells: 11/19 levels left

rFire    . . .     SeeInvis +   a - +3 dagger (venom)
rCold    + . .     Gourm    .   (no shield)
rNeg     + + .     Faith    .   c - +0 robe
rPois    +         Spirit   .   (no helmet)
rElec    .         Reflect  .   d - +0 cloak
rCorr    .         Harm     .   (no gloves)
MR       +....                  k - +0 pair of boots
Stlth    +++++++...             (no amulet)
Regen    0.1/turn               (no ring)
MPRegen  0.2/turn               (no ring)

@: regenerating slowly
A: fangs 3, see invisible, unbreathing
a: Bat Form, Heroism, Renounce Religion


You were on level 9 of the Dungeon.
You worshipped Okawaru.
Okawaru was most pleased with you.
You were thirsty.

You visited 2 branches of the dungeon, and saw 11 of its levels.
You also visited: Ossuary.

You collected 442 gold pieces.
You spent 250 gold pieces at shops.

Inventory:

Hand Weapons
 a - a +3 dagger of venom (weapon)
 b - a +0 blowgun
 f - a +2 short sword of venom
Missiles
 g - 42 poisoned needles
Armour
 c - a +0 robe (worn)
 d - a +0 cloak (worn)
 k - a +0 pair of boots (worn)
 F - a +0 buckler
Jewellery
 s - an uncursed ring of fire
Wands
 m - a wand of iceblast (7/15)
 y - a wand of polymorph (19/24)
 C - a wand of acid (7/15)
Scrolls
 e - a scroll of amnesia
 h - a scroll of blinking
 j - 9 scrolls of identify
 l - 5 scrolls of remove curse
 r - a scroll of magic mapping
 t - 3 scrolls of enchant weapon
 D - 2 scrolls of teleportation
 G - a scroll of holy word {unknown}
Potions
 i - a potion of brilliance
 n - a potion of cancellation {unknown}
 o - a potion of might
 p - 2 potions of mutation
 q - 9 potions of blood
 u - 2 potions of curing
 v - 2 potions of heal wounds {unknown}
 x - a potion of flight {unknown}
 z - 4 potions of resistance {unknown}
 A - 2 potions of haste {unknown}
Books
 w - a book of Maledictions

   Spells                             Type                      Level
   a - Corona                         Hexes                        1
   b - Ensorcelled Hibernation        Hexes/Ice                    2
   c - Confuse                        Hexes                        3
   d - Tukima's Dance                 Hexes                        3
   e - Dazzling Spray                 Conjuration/Hexes            3
 B - a book of Air

   Spells                             Type                      Level
   a - Shock                          Conjuration/Air              1
   b - Swiftness                      Charms/Air                   2
   c - Static Discharge               Conjuration/Air              3
   d - Airstrike                      Air                          4
   e - Lightning Bolt                 Conjuration/Air              5
 E - a book of Cantrips

   Spells                             Type                      Level
   a - Confusing Touch                Hexes                        1
   b - Animate Skeleton               Necromancy                   1
   c - Summon Small Mammal            Summoning                    1
   d - Apportation                    Translocation                1
 H - a book of Conjurations

   Spells                             Type                      Level
   a - Magic Dart                     Conjuration                  1
   b - Searing Ray                    Conjuration                  2
   c - Dazzling Spray                 Conjuration/Hexes            3
   d - Fulminant Prism                Conjuration/Hexes            4
   e - Force Lance                    Conjuration/Translocation    4
   f - Iskenderun's Mystic Blast      Conjuration                  4


   Skills:
 + Level 4.1 Fighting
 - Level 10.2 Short Blades
 - Level 1.5 Throwing
 - Level 1.1 Dodging
 - Level 13.8 Stealth
 + Level 5.3 Spellcasting
 + Level 8.3 Hexes
 - Level 4.0 Ice Magic


You had 11 spell levels left.
You knew the following spells:

 Your Spells              Type           Power        Failure   Level  Hunger
a - Ensorcelled Hibernat  Hex/Ice        ###...       1%          2    #......
b - Confuse               Hex            ####....     1%          3    ###....
c - Corona                Hex            ####...      1%          1    None
d - Swiftness             Chrm/Air       #.......     22%         2    #......


Dungeon Overview and Level Annotations

Branches:
Dungeon (10/15)            Temple (1/1) D:7            Lair (0/6) D:8
    Orc: D:9-12

Altars:
Ashenzari
Cheibriados
Dithmenos
Elyvilon
Fedhas
Gozag
Hepliaklqana
Kikubaaqudgha
Makhleb
Nemelex Xobeh
Okawaru
Qazlal
Ru
Sif Muna
Trog
Uskayaw
Vehumet
Xom
Yredelemnul
Zin
The Shining One

Shops:
D:6 %}*(*   D:7 (   D:9 }

Annotations:
D:10 Urug


Innate Abilities, Weirdness & Mutations

You heal slowly.
You have razor-sharp teeth.
You have supernaturally acute eyesight. (SInv)
You can survive without breathing.


Message History

The yak looks drowsy...
You hit the jackal.
The jackal is poisoned.
The jackal is severely wounded.
The yak bellows!
You kill the jackal!
Okawaru accepts your kill.
You hear a bark!
A jackal comes into view.
You hit the jackal.
The jackal is poisoned.
The jackal is almost dead.
You hit the jackal.
You kill the jackal!
Okawaru accepts your kill.
A jackal comes into view.
You see here a dagger.
The yak gores you!
* * * LOW HITPOINT WARNING * * *
The wight barely misses you. The wight hits you with a short sword!
You die...

#........#..## #.##.##
#........#..# #. #..#
######.##...# #. ##.#
#.#..#.# #.# #...##.# #.#
##..##.# #.# ##...#.# #.#
#..#.#.# #.#
#####.##@..## ###.#
#.....Z..z..###### #....
#........Y.......####....
#.........h##..#......._.
#............)..#####....
##############..# #....
#..# #####. #### #.....
#.....


You could see a yak, a wight, a jackal and a centaur skeleton (wandering).

Vanquished Creatures
  A two-headed ogre (D:8)
  An unseen horror (D:10)
  Maurice (D:8)
  A komodo dragon (D:8)
  A hippogriff (D:9)
  4 yaks (D:9)
  A sky beast (D:6)
  5 orc warriors
  4 phantoms
  2 necrophages
  3 ogres
  A centaur (D:5)
  4 bullfrogs
  2 scorpions
  5 wights
  2 bullfrog zombies
  3 crimson imps
  A human zombie (Ossuary)
  2 quasits
  7 hounds
  A jelly (D:9)
  A bullfrog skeleton (D:6)
  12 orc priests
  13 orc wizards
  A centaur skeleton (D:7)
  3 iguanas
  5 worker ants
  A big kobold zombie (Ossuary)
  3 hound zombies
  4 mummies (Ossuary)
  2 worker ant zombies (D:6)
  7 adders
  5 gnolls
  A shadow imp (D:6)
  5 oozes
  3 adder zombies
  2 adder skeletons
  3 dart slugs
  8 leopard geckos
  37 orcs
  2 giant cockroaches
  5 goblins
  5 hobgoblins
  7 jackals
  5 quokkas
  4 ball pythons
  A ball python skeleton (D:5)
  8 bats
  7 frilled lizards
  4 gnoll zombies (Ossuary)
  A goblin zombie (Ossuary)
  A jackal skeleton (D:8)
  4 kobolds
  A kobold zombie (Ossuary)
  2 leopard gecko zombies
  A quokka zombie (D:6)
  6 rats
  A plant (D:8)
233 creatures vanquished.

Vanquished Creatures (others)
  3 fungi (D:4)
  2 plants
5 creatures vanquished.

Grand Total: 238 creatures vanquished

Notes
Turn   | Place    | Note
-------+----------+-------------------------------------------
     0 | D:1      | GordonOverkill the Vampire Assassin began the quest for the Orb.
     0 | D:1      | Reached XP level 1. HP: 16/16 MP: 1/1
    51 | D:1      | Reached skill level 6 in Stealth
    92 | D:1      | Reached XP level 2. HP: 14/22 MP: 2/2
   847 | D:2      | Reached XP level 3. HP: 20/27 MP: 3/3
   982 | D:2      | Reached skill level 7 in Stealth
  1333 | D:3      | Reached XP level 4. HP: 29/33 MP: 4/4
  1355 | D:3      | Found a burning altar of Makhleb.
  1626 | D:3      | Reached XP level 5. HP: 37/38 MP: 5/5
  1633 | D:3      | Reached skill level 8 in Stealth
  2664 | D:4      | Noticed an ogre
  2702 | D:4      | Killed an ogre
  2702 | D:4      | Reached skill level 5 in Short Blades
  2702 | D:4      | Reached skill level 9 in Stealth
  2702 | D:4      | Reached XP level 6. HP: 28/44 MP: 6/6
  3294 | D:4      | Found a blossoming altar of Fedhas.
  3556 | D:5      | Entered Level 5 of the Dungeon
  3576 | D:5      | Reached skill level 10 in Stealth
  3576 | D:5      | Reached XP level 7. HP: 20/49 MP: 7/7
  3667 | D:5      | Found a sand-covered staircase.
  3732 | Ossuary  | Entered an ossuary
  4274 | D:5      | Reached skill level 11 in Stealth
  4657 | D:5      | Reached XP level 8. HP: 23/55 MP: 8/8
  5042 | D:5      | Reached skill level 12 in Stealth
  5562 | D:6      | Found Odemehu's General Store.
  5952 | D:6      | Found Fopre's Food Shop.
  6032 | D:6      | Reached skill level 13 in Stealth
  6195 | D:6      | Found Plog's Antique Weapon Shoppe.
  6269 | D:6      | Found Paguceusai's General Store.
  6464 | D:6      | Reached XP level 9. HP: 61/61 MP: 9/9
  6683 | D:6      | Found a glowing silver altar of Zin.
  6684 | D:6      | Found a deep blue altar of Sif Muna.
  6685 | D:6      | Found a burning altar of Makhleb.
  6821 | D:6      | Found Buorghou's Gadget Shop.
  6894 | D:6      | Bought a book of Maledictions for 250 gold pieces
  6897 | D:6      | Learned a level 2 spell: Ensorcelled Hibernation
  6901 | D:6      | Learned a level 3 spell: Confuse
  6903 | D:6      | Learned a level 1 spell: Corona
  7021 | D:7      | Found a staircase to the Ecumenical Temple.
  7030 | Temple   | Entered the Ecumenical Temple
  7151 | Temple   | Became a worshipper of Warmaster Okawaru
  7179 | D:7      | Reached skill level 1 in Hexes
  7258 | D:7      | Reached skill level 1 in Ice Magic
  7312 | D:6      | Reached skill level 1 in Spellcasting
  7409 | D:7      | You fall through a shaft for 3 floors!
  7409 | D:10     | Entered Level 10 of the Dungeon
  7461 | D:10     | Noticed Urug
  7463 | D:10     | Noticed an unseen horror
  7572 | D:9      | Found an opulent altar of Gozag.
  7620 | D:9      | Found a radiant altar of Vehumet.
  7677 | D:10     | Killed an unseen horror
  7767 | D:9      | Reached skill level 10 in Short Blades
  7846 | D:8      | Noticed Maurice
  7890 | D:8      | Reached * piety under Okawaru
  7921 | D:8      | Reached skill level 5 in Hexes
  8143 | D:8      | Killed Maurice
  8368 | D:7      | Learned a level 2 spell: Swiftness
  8399 | D:7      | Found Tiurph's Antique Weapon Shop.
  8479 | D:7      | Reached XP level 10. HP: 48/67 MP: 15/15
  8759 | D:7      | Reached ** piety under Okawaru
  9326 | D:8      | Found a staircase to the Lair.
  9643 | D:8      | Noticed a two-headed ogre
  9650 | D:8      | Killed a two-headed ogre
  9730 | D:8      | Found a white marble altar of Elyvilon.
  9946 | D:9      | Found Baozos's Gadget Shop.
 11085 | D:9      | Reached *** piety under Okawaru
 11085 | D:9      | Reached skill level 5 in Spellcasting
 11140 | D:9      | Slain by a wight

Skill      XL: |  1  2  3  4  5  6  7  8  9 10 |
---------------+-------------------------------+-----
Stealth        | 6 7 9 10 11 13 | 13.8
Short Blades   | 3 4 5 7 9 10 | 10.2
Hexes          | 5 8 |  8.3
Ice Magic      | 3 4 |  4.0
Spellcasting   | 3 5 |  5.3
Fighting       | 4 |  4.1
Throwing       | |  1.5
Dodging        | |  1.1

Action                   |  1- 3 |  4- 6 |  7- 9 | 10-12 || total
-------------------------+-------+-------+-------+-------++-------
Melee: Dagger            |    99 |   141 |   440 |   220 ||   900
       Bite              |     6 |    12 |    67 |    31 ||   116
       Short sword       |       |       |   115 |       ||   115
 Fire: Blowgun           |       |    11 |       |       ||    11
 Cast: Ensorcelled Hiber |       |       |       |    15 ||    15
       Confuse           |       |       |       |     2 ||     2
       Corona            |       |       |       |     2 ||     2
       Swiftness         |       |       |       |     1 ||     1
  Use: Potion            |     8 |    12 |    20 |     4 ||    44
       Scroll            |       |     6 |    11 |       ||    17
 Stab: Sleeping          |    12 |    10 |    21 |    16 ||    59
       Distracted        |       |     2 |     2 |       ||     4
       Confused          |       |       |       |     1 ||     1
Armor: Robe              |    28 |    29 |    89 |    11 ||   157
Dodge: Dodged            |    64 |    79 |   229 |    49 ||   421
